Predators vs Sabres
(R1)
Created - 13 mars 2014 at 19:22
Goals
|
| Predators |
2 |
2 |
1 |
5 |
| Sabres |
0 |
1 |
2 |
3 |
|
Shots
|
| Predators |
13 |
10 |
5 |
28 |
| Sabres |
9 |
13 |
7 |
29 |
|
1st period
1. Predators , Jean-Pierre Dumont 20 (Alexander Ovechkin, Alexander Edler) at 0:55 (PP)
2. Predators , Jean-Pierre Dumont 21 (Alexander Ovechkin) at 5:39
Penalties :
Peter Prucha (Buf) for Holding (Minor) at 0:43, Joe Thornton (Nas) for Goalie Interference (Minor) at 8:18, Jason Smith (Buf) for Tripping (Minor) at 14:21, Mike Fisher (Buf) for Holding (Minor) at 19:59
2nd period
3. Predators , Tomas Fleischmann 11 (Kris Vernarsky, Alexei Yashin) at 2:10
4. Predators , Georges Laraque 25 (Danny Richmond, Alexander Edler) at 10:46
5. Sabres , Curtis Glencross 2 (Ole-Kristian Tollefsen) at 12:37
Penalties :
Alexander Steen (Nas) for Interference (Minor) at 12:52, Joe Thornton (Nas) for High sticking (Minor) at 19:07
3rd period
6. Sabres , Ryan Hollweg 25 (Steve Downie, Craig Rivet) at 4:50
7. Sabres , Richard Zednik 7 (Kyle Calder, Johnny Boychuk) at 14:50 (PP)
8. Predators , Georges Laraque 26 (Tomas Fleischmann, Ryan Mcdonagh) at 19:20 (Empty Net)
Penalties :
Robyn Regehr (Nas) for Tripping (Minor) at 1:40, Danny Richmond (Nas) for Hooking (Minor) at 13:06, Nathan Paetsch (Buf) for Hooking (Minor) at 16:47
Goalie Stats
Josh Tordjman (Nas), 26 saves from 29 shots - (0,897), W, 8-11-1, 60:00 minutes
Ty Conklin (Buf), 23 saves from 27 shots - (0,852), L, 12-18-3, 59:46 minutes
Players Stats for Predators
Player Name G A P +/- PIM S H SB GA TA FO MP PP MP PK MP
------------------------------------------------------------------------------------
Alexander Edler 0 2 2 1 0 2 2 0 3 0 0/0 27:47 3:14 6:09
Alexander Ovechkin 0 2 2 0 0 3 3 1 0 0 7/12 22:59 3:06 5:12
Alexander Steen 0 0 0 0 2 4 0 0 0 0 0/0 14:42 3:03 0:12
Alexei Yashin 0 1 1 0 0 1 0 0 0 0 9/17 18:31 3:06 0:30
Barret Jackman 0 0 0 0 0 0 1 0 0 0 0/0 11:14 0:00 0:32
Danny Richmond 0 1 1 1 2 0 3 0 0 0 0/0 26:15 3:14 5:11
Georges Laraque 2 0 2 2 0 4 2 0 0 1 0/0 16:51 0:00 4:16
Jean-Pierre Dumont 2 0 2 0 0 6 1 0 0 0 2/3 17:21 3:06 0:00
Joe Thornton 0 0 0 0 4 1 0 1 1 1 10/18 21:47 3:03 2:40
Kent Huskins 0 0 0 0 0 0 1 0 0 0 0/0 11:04 0:00 0:22
Kris Vernarsky 0 1 1 1 0 3 2 0 0 0 1/4 12:02 0:00 0:00
Michael Grabner 0 0 0 0 0 0 3 1 1 0 0/2 14:02 3:03 0:00
Mikael Samuelsson 0 0 0 0 0 2 0 0 0 0 0/0 5:35 0:00 0:00
Nick Boynton 0 0 0 0 0 0 0 0 0 0 0/0 4:32 0:00 0:54
Oleg Saprykin 0 0 0 1 0 0 1 0 0 0 0/0 12:09 0:00 5:05
Robyn Regehr 0 0 0 1 2 0 1 1 0 0 0/0 17:52 2:55 2:22
Ryan Mcdonagh 0 1 1 1 0 0 1 1 1 1 0/0 21:41 2:55 3:50
Tomas Fleischmann 1 1 2 2 0 2 1 0 0 0 0/0 13:51 0:00 1:25
Players Stats for Sabres
Player Name G A P +/- PIM S H SB GA TA FO MP PP MP PK MP
------------------------------------------------------------------------------------
Craig Rivet 0 1 1 1 0 2 2 3 0 1 0/0 24:09 3:36 3:08
Curtis Glencross 1 0 1 0 0 3 2 0 0 0 0/2 13:38 0:12 0:57
Derick Brassard 0 0 0 0 0 3 5 0 0 0 6/19 17:55 5:15 0:24
Hal Gill 0 0 0 -3 0 0 0 2 0 0 0/0 11:17 0:00 0:34
James Neal 0 0 0 0 0 0 0 0 0 0 0/0 5:00 1:02 0:00
Jason Smith 0 0 0 0 2 2 2 1 0 0 0/0 24:08 6:04 1:51
Johnny Boychuk 0 1 1 0 0 1 1 1 0 1 0/0 24:01 6:04 3:01
Kyle Calder 0 1 1 0 0 2 1 0 1 1 0/0 10:05 1:08 0:00
Mats Sundin 0 0 0 -1 0 4 0 0 0 1 12/19 21:39 4:03 3:09
Mike Fisher 0 0 0 -1 2 0 0 0 0 0 2/7 12:21 0:00 1:07
Nathan Paetsch 0 0 0 -2 2 0 1 0 0 0 0/0 11:14 0:06 0:36
Niclas Bergfors 0 0 0 -3 0 3 1 0 0 0 0/0 18:20 5:15 0:00
Ole-Kristian Tollefsen 0 1 1 0 0 0 1 2 0 1 0/0 25:33 3:30 3:08
Peter Prucha 0 0 0 0 2 2 1 0 0 0 0/0 14:25 3:49 2:03
Richard Zednik 1 0 1 1 0 2 0 1 0 0 0/0 9:58 0:10 0:00
Rob Niedermayer 0 0 0 1 0 0 0 0 0 0 4/6 13:14 0:00 3:09
Ryan Hollweg 1 0 1 -2 0 4 1 0 1 0 2/2 18:20 4:03 0:00
Steve Downie 0 1 1 -1 0 1 2 0 1 1 1/1 18:30 4:03 1:29
3 Stars
1 - Georges Laraque (Nas)
2 - Jean-Pierre Dumont (Nas)
3 - Tomas Fleischmann (Nas)
Power Play
Predators - 1 on 4 Attempt(s) - 25,00%
Sabres - 1 on 5 Attempt(s) - 20,00%
Penalty Kill
Predators - 4 on 5 Attempt(s) - 80,00%
- Score 0 goal in Penalty Kill
Sabres - 3 on 4 Attempt(s) - 75,00%
- Score 0 goal in Penalty Kill
Official
Referees : Sutherland Kelly and Auger Stephane
Linesman : Derek Nansen and Vaughan Rody
Game Notes
James Neal is injured at 2:39 of 2nd period (Left Knee)
Georges Laraque has scored in a empty net!
Finance
Level 1 -- Attendance: 5803 (96,72%) -- Ticket Income 452 634 $
Level 2 -- Attendance: 4144 (82,88%) -- Ticket Income 194 768 $
Level 3 -- Attendance: 1680 (84,00%) -- Ticket Income 52 080 $
Level 4 -- Attendance: 3323 (83,08%) -- Ticket Income 59 814 $
Luxury Box -- Attendance: 946 (94,60%) -- Ticket Income 143 792 $
Game was played at the Duff Garden
Total Attendance: 15896 (88,31%)
Total Ticket Income: 903 088 $
Other Income: 135 463 $
Total Income: 1 038 551 $
Predators
5 vs 5 Forward
Center Left Wing Right Wing Time % Phy DF OF
1 Alexei Yashin Alexander Ovechkin Jean-Pierre Dumont 40 1 2 2
2 Joe Thornton Alexander Steen Michael Grabner 30 1 2 2
3 Kris Vernarsky Tomas Fleischmann Georges Laraque 20 2 1 2
4 Joe Thornton Oleg Saprykin Mikael Samuelsson 10 1 2 2
5 vs 5 Defense
Defense Defense Time % Phy DF OF
1 Alexander Edler Danny Richmond 40 1 2 2
2 Robyn Regehr Ryan Mcdonagh 30 1 2 2
3 Barret Jackman Kent Huskins 20 1 2 2
4 Nick Boynton Ryan Mcdonagh 10 1 2 2
PowerPlay Forward
Center Left Wing Right Wing Time % Phy DF OF
1 Alexei Yashin Alexander Ovechkin Jean-Pierre Dumont 50 1 2 2
2 Joe Thornton Alexander Steen Michael Grabner 50 1 2 2
PowerPlay Defense
Defense Defense Time % Phy DF OF
1 Alexander Edler Danny Richmond 50 1 2 2
2 Robyn Regehr Ryan Mcdonagh 50 1 2 2
Penalty Kill 4 Players Forward
Center Wing Time % Phy DF OF
1 Joe Thornton Georges Laraque 50 1 2 2
2 Alexander Ovechkin Oleg Saprykin 50 1 2 2
Penalty Kill 4 Players Defense
Defense Defense Time % Phy DF OF
1 Alexander Edler Danny Richmond 60 1 2 2
2 Robyn Regehr Ryan Mcdonagh 40 1 2 2
Penalty Kill - 3 Players Forward
Forward Time % Phy DF OF
1 Joe Thornton 60 1 2 2
2 Alexander Ovechkin 40 1 2 2
Penalty Kill - 3 Players Defense
Defense Defense Time % Phy DF OF
1 Alexander Edler Danny Richmond 60 1 2 2
2 Robyn Regehr Ryan Mcdonagh 40 1 2 2
4 vs 4 Forward
Center Wing Time % Phy DF OF
1 Joe Thornton Alexander Ovechkin 50 1 2 2
2 Alexei Yashin Alexander Steen 50 1 2 2
4 vs 4 Defense
Defense Defense Time % Phy DF OF
1 Alexander Edler Danny Richmond 60 1 2 2
2 Robyn Regehr Ryan Mcdonagh 40 1 2 2
Last Minutes Offensive
Center Left Wing Right Wing Defense Defense
Joe Thornton Alexander Ovechkin Michael Grabner Danny Richmond Alexander Edler
Last Minutes Defensive
Center Left Wing Right Wing Defense Defense
Joe Thornton Alexander Ovechkin Georges Laraque Danny Richmond Robyn Regehr
Goaltenders
Starting : Josh Tordjman
Backup : Kari Lehtonen
Extra Forwards
Normal : Oleg Saprykin, Alexei Yashin, Tomas Fleischmann - PP : Oleg Saprykin, Alexei Yashin - PK : Tomas Fleischmann
Extra Defensemen
Normal : Barret Jackman, Ryan Mcdonagh, Nick Boynton - PP : Barret Jackman - PK : Ryan Mcdonagh, Nick Boynton
Penalty Shots
Alexander Ovechkin, Joe Thornton, Georges Laraque, Jean-Pierre Dumont, Alexander Steen
Sabres
5 vs 5 Forward
Center Left Wing Right Wing Time % Phy DF OF
1 Mats Sundin Ryan Hollweg Niclas Bergfors 40 1 2 2
2 Mike Fisher James Neal Steve Downie 30 1 3 1
3 Derick Brassard Kyle Calder Peter Prucha 20 0 3 2
4 Rob Niedermayer Curtis Glencross Richard Zednik 10 1 4 0
5 vs 5 Defense
Defense Defense Time % Phy DF OF
1 Ole-Kristian Tollefsen Craig Rivet 40 1 3 1
2 Johnny Boychuk Jason Smith 30 1 3 1
3 Hal Gill Nathan Paetsch 20 1 4 0
4 Ole-Kristian Tollefsen Jason Smith 10 1 2 2
PowerPlay Forward
Center Left Wing Right Wing Time % Phy DF OF
1 Derick Brassard James Neal Niclas Bergfors 60 1 0 4
2 Mats Sundin Ryan Hollweg Steve Downie 40 3 0 2
PowerPlay Defense
Defense Defense Time % Phy DF OF
1 Johnny Boychuk Jason Smith 60 1 2 2
2 Ole-Kristian Tollefsen Craig Rivet 40 1 2 2
Penalty Kill 4 Players Forward
Center Wing Time % Phy DF OF
1 Rob Niedermayer Mats Sundin 60 1 4 0
2 Mike Fisher Peter Prucha 40 1 4 0
Penalty Kill 4 Players Defense
Defense Defense Time % Phy DF OF
1 Ole-Kristian Tollefsen Craig Rivet 60 1 4 0
2 Johnny Boychuk Jason Smith 40 1 4 0
Penalty Kill - 3 Players Forward
Forward Time % Phy DF OF
1 Rob Niedermayer 60 0 5 0
2 Mike Fisher 40 0 5 0
Penalty Kill - 3 Players Defense
Defense Defense Time % Phy DF OF
1 Ole-Kristian Tollefsen Craig Rivet 60 1 4 0
2 Johnny Boychuk Jason Smith 40 1 4 0
4 vs 4 Forward
Center Wing Time % Phy DF OF
1 Mike Fisher Ryan Hollweg 60 1 3 1
2 Derick Brassard Niclas Bergfors 40 0 2 3
4 vs 4 Defense
Defense Defense Time % Phy DF OF
1 Ole-Kristian Tollefsen Nathan Paetsch 60 1 3 1
2 Hal Gill Jason Smith 40 1 3 1
Last Minutes Offensive
Center Left Wing Right Wing Defense Defense
Mats Sundin Ryan Hollweg Niclas Bergfors Ole-Kristian Tollefsen Jason Smith
Last Minutes Defensive
Center Left Wing Right Wing Defense Defense
Mats Sundin Mike Fisher Rob Niedermayer Ole-Kristian Tollefsen Jason Smith
Goaltenders
Starting : Ty Conklin
Backup : Mike Brodeur
Extra Forwards
Normal : James Neal, Steve Downie, Derick Brassard - PP : Peter Prucha, Kyle Calder - PK : Steve Downie
Extra Defensemen
Normal : Hal Gill, Nathan Paetsch, Johnny Boychuk - PP : Nathan Paetsch - PK : Hal Gill, Nathan Paetsch
Penalty Shots
Peter Prucha, Niclas Bergfors, Mats Sundin, James Neal, Richard Zednik
% Time on Ice - Predators
Lines # - Real PCT - Wanted PCT - Time Play
Normal Forward
1 - 34% - 40% - 14:46
2 - 26% - 30% - 11:25
3 - 27% - 20% - 11:53
4 - 13% - 10% - 5:35
Normal Defense
1 - 41% - 40% - 17:51
2 - 28% - 30% - 12:04
3 - 25% - 20% - 10:42
4 - 7% - 10% - 3:02
PP Forward
1 - 50% - 50% - 3:06
2 - 50% - 50% - 3:03
PP Defense
1 - 53% - 50% - 3:14
2 - 47% - 50% - 2:55
PK Forward
1 - 47% - 50% - 4:35
2 - 53% - 50% - 5:05
PK Defense
1 - 72% - 60% - 6:55
2 - 28% - 40% - 2:45
PK3 Forward
1 - 0% - 60%
2 - 0% - 40%
PK3 Defense
1 - 0% - 60%
2 - 0% - 40%
44 Forward
1 - 0% - 50%
2 - 0% - 50%
44 Defense
1 - 0% - 60%
2 - 0% - 40%
Last Minute Offensive - 0:00
Last Minute Defensive - 0:32
Total
Forward - 60:00
Defense - 60:00
|
% Time on Ice - Sabres
Lines # - Real PCT - Wanted PCT - Time Play
Normal Forward
1 - 30% - 40% - 13:12
2 - 29% - 30% - 12:35
3 - 19% - 20% - 8:05
4 - 22% - 10% - 9:48
Normal Defense
1 - 37% - 40% - 16:01
2 - 37% - 30% - 16:11
3 - 23% - 20% - 10:10
4 - 3% - 10% - 1:18
PP Forward
1 - 58% - 60% - 5:37
2 - 42% - 40% - 4:03
PP Defense
1 - 64% - 60% - 6:10
2 - 36% - 40% - 3:30
PK Forward
1 - 67% - 60% - 4:06
2 - 33% - 40% - 2:03
PK Defense
1 - 51% - 60% - 3:08
2 - 49% - 40% - 3:01
PK3 Forward
1 - 0% - 60%
2 - 0% - 40%
PK3 Defense
1 - 0% - 60%
2 - 0% - 40%
44 Forward
1 - 0% - 60%
2 - 0% - 40%
44 Defense
1 - 0% - 60%
2 - 0% - 40%
Last Minute Offensive - 0:31
Last Minute Defensive - 0:00
Total
Forward - 60:00
Defense - 60:00
|
Play by Play
1st period
0:01 of 1st period - Mats Sundin wins face-off versus Alexei Yashin in neutral zone.
0:14 of 1st period - Slapshot by Jean-Pierre Dumont.
0:14 of 1st period - Stopped by Ty Conklin without a rebound.
0:15 of 1st period - Mike Fisher wins face-off versus Joe Thornton in Sabres zone.
0:43 of 1st period - Minor Penalty to Peter Prucha for Holding.
0:44 of 1st period - Jean-Pierre Dumont wins face-off versus Rob Niedermayer in Sabres zone.
0:55 of 1st period - Snap shot by Jean-Pierre Dumont.
0:55 of 1st period - Goal by Jean-Pierre Dumont - Predators : 1 - Sabres : 0.
0:56 of 1st period - Ryan Hollweg wins face-off versus Alexei Yashin in neutral zone.
1:13 of 1st period - Snap shot by Jean-Pierre Dumont.
1:13 of 1st period - Stopped by Ty Conklin without a rebound.
1:14 of 1st period - Rob Niedermayer wins face-off versus Kris Vernarsky in Sabres zone.
1:39 of 1st period - Danny Richmond is hit by Craig Rivet and loses puck.
1:43 of 1st period - Icing by Danny Richmond.
1:44 of 1st period - Derick Brassard wins face-off versus Joe Thornton in Predators zone.
1:49 of 1st period - Snap shot by Derick Brassard.
1:49 of 1st period - Deflect By Ryan Mcdonagh.
1:49 of 1st period - Stopped by Josh Tordjman without a rebound.
1:50 of 1st period - Alexander Ovechkin wins face-off versus Mike Fisher in Predators zone.
2:43 of 1st period - Snap shot by Tomas Fleischmann.
2:43 of 1st period - Deflect By Kris Vernarsky.
2:43 of 1st period - Stopped by Ty Conklin with a rebound.
2:45 of 1st period - Slapshot by Georges Laraque.
2:45 of 1st period - Stopped by Ty Conklin with a rebound.
2:47 of 1st period - Snap shot by Georges Laraque.
2:47 of 1st period - Shot Misses the Net.
3:03 of 1st period - Wrist shot by Rob Niedermayer.
3:03 of 1st period - Deflect By Richard Zednik.
3:03 of 1st period - Shot Misses the Net.
3:03 of 1st period - Puck is out of play.
3:04 of 1st period - Rob Niedermayer wins face-off versus Jean-Pierre Dumont in Predators zone.
3:09 of 1st period - Snap shot by Curtis Glencross.
3:09 of 1st period - Shot Misses the Net.
3:17 of 1st period - Wrist shot by Jean-Pierre Dumont.
3:17 of 1st period - Stopped by Ty Conklin with a rebound.
3:19 of 1st period - Snap shot by Alexei Yashin.
3:19 of 1st period - Shot Misses the Net.
3:21 of 1st period - Slapshot by Ryan Mcdonagh.
3:21 of 1st period - Shot Blocked by Craig Rivet.
3:31 of 1st period - Joe Thornton is hit by Ryan Hollweg and loses puck.
3:50 of 1st period - Snap shot by Mats Sundin.
3:50 of 1st period - Stopped by Josh Tordjman with a rebound.
4:44 of 1st period - Mikael Samuelsson is hit by Curtis Glencross and loses puck.
5:11 of 1st period - Snap shot by Mikael Samuelsson.
5:11 of 1st period - Shot Blocked by Johnny Boychuk.
5:13 of 1st period - Snap shot by Mikael Samuelsson.
5:13 of 1st period - Shot Misses the Net.
5:15 of 1st period - Slapshot by Danny Richmond.
5:15 of 1st period - Shot Blocked by Richard Zednik.
5:27 of 1st period - Wrist shot by Alexander Edler.
5:27 of 1st period - Shot Misses the Net.
5:29 of 1st period - Snap shot by Oleg Saprykin.
5:29 of 1st period - Deflect By Joe Thornton.
5:29 of 1st period - Stopped by Ty Conklin without a rebound.
5:30 of 1st period - Mats Sundin wins face-off versus Alexei Yashin in Sabres zone.
5:39 of 1st period - Snap shot by Jean-Pierre Dumont.
5:39 of 1st period - Goal by Jean-Pierre Dumont - Predators : 2 - Sabres : 0.
5:40 of 1st period - Mats Sundin wins face-off versus Alexei Yashin in neutral zone.
5:45 of 1st period - Slapshot by Niclas Bergfors.
5:45 of 1st period - Shot Misses the Net.
6:32 of 1st period - Snap shot by Steve Downie.
6:32 of 1st period - Stopped by Josh Tordjman without a rebound.
6:33 of 1st period - Jean-Pierre Dumont wins face-off versus Mike Fisher in Predators zone.
6:40 of 1st period - Snap shot by Alexander Ovechkin.
6:40 of 1st period - Stopped by Ty Conklin with a rebound.
7:06 of 1st period - Snap shot by Kyle Calder.
7:06 of 1st period - Stopped by Josh Tordjman with a rebound.
7:08 of 1st period - Slapshot by Jason Smith.
7:08 of 1st period - Shot Blocked by Michael Grabner.
7:31 of 1st period - Icing by Jason Smith.
7:32 of 1st period - Joe Thornton wins face-off versus Curtis Glencross in Sabres zone.
7:53 of 1st period - Snap shot by Curtis Glencross.
7:53 of 1st period - Stopped by Josh Tordjman with a rebound.
7:55 of 1st period - Wrist shot by Curtis Glencross.
7:55 of 1st period - Shot Misses the Net.
7:59 of 1st period - Wrist shot by Richard Zednik.
7:59 of 1st period - Shot Blocked by Joe Thornton.
8:01 of 1st period - Snap shot by Curtis Glencross.
8:01 of 1st period - Stopped by Josh Tordjman with a rebound.
8:03 of 1st period - Wrist shot by Curtis Glencross.
8:03 of 1st period - Shot Misses the Net.
8:11 of 1st period - Snap shot by Rob Niedermayer.
8:11 of 1st period - Shot Misses the Net.
8:18 of 1st period - Minor Penalty to Joe Thornton for Goalie Interference.
8:19 of 1st period - Derick Brassard wins face-off versus Alexander Ovechkin in Predators zone.
8:45 of 1st period - Mats Sundin is hit by Danny Richmond and loses puck.
8:54 of 1st period - Snap shot by Steve Downie.
8:54 of 1st period - Shot Misses the Net.
10:18 of 1st period - Penalty to Joe Thornton is over, Joe Thornton is back on ice.
10:26 of 1st period - Joe Thornton is hit by Curtis Glencross and loses puck.
11:09 of 1st period - Tomas Fleischmann is hit by Peter Prucha and loses puck.
11:30 of 1st period - Off-side.
11:31 of 1st period - Joe Thornton wins face-off versus Mats Sundin in neutral zone.
11:38 of 1st period - Snap shot by Alexander Steen.
11:38 of 1st period - Stopped by Ty Conklin without a rebound.
11:39 of 1st period - Alexei Yashin wins face-off versus Mats Sundin in Sabres zone.
11:56 of 1st period - Snap shot by Alexander Ovechkin.
11:56 of 1st period - Shot Blocked by Craig Rivet.
12:16 of 1st period - Off-side.
12:17 of 1st period - Alexei Yashin wins face-off versus Mike Fisher in neutral zone.
12:42 of 1st period - Peter Prucha is hit by Michael Grabner and loses puck.
13:11 of 1st period - Snap shot by Tomas Fleischmann.
13:11 of 1st period - Shot Misses the Net.
13:57 of 1st period - Wrist shot by Niclas Bergfors.
13:57 of 1st period - Stopped by Josh Tordjman with a rebound.
13:59 of 1st period - Wrist shot by Niclas Bergfors.
13:59 of 1st period - Shot Misses the Net.
14:21 of 1st period - Minor Penalty to Jason Smith for Tripping.
14:22 of 1st period - Rob Niedermayer wins face-off versus Joe Thornton in Sabres zone.
14:22 of 1st period - Rob Niedermayer is hit by Michael Grabner.
16:12 of 1st period - Robyn Regehr is hit by Nathan Paetsch and loses puck.
16:21 of 1st period - Penalty to Jason Smith is over, Jason Smith is back on ice.
17:16 of 1st period - Wrist shot by Derick Brassard.
17:16 of 1st period - Shot Misses the Net.
17:18 of 1st period - Slapshot by Hal Gill.
17:18 of 1st period - Deflect By Kyle Calder.
17:18 of 1st period - Stopped by Josh Tordjman without a rebound.
17:19 of 1st period - Joe Thornton wins face-off versus Derick Brassard in Predators zone.
17:28 of 1st period - Wrist shot by Derick Brassard.
17:28 of 1st period - Stopped by Josh Tordjman with a rebound.
17:45 of 1st period - Ole-Kristian Tollefsen is hit by Kris Vernarsky and loses puck.
18:30 of 1st period - Snap shot by Tomas Fleischmann.
18:30 of 1st period - Stopped by Ty Conklin without a rebound.
18:31 of 1st period - Steve Downie wins face-off versus Kris Vernarsky in Sabres zone.
18:46 of 1st period - Wrist shot by Kris Vernarsky.
18:46 of 1st period - Stopped by Ty Conklin with a rebound.
19:13 of 1st period - Wrist shot by Jean-Pierre Dumont.
19:13 of 1st period - Stopped by Ty Conklin without a rebound.
19:14 of 1st period - Joe Thornton wins face-off versus Derick Brassard in Sabres zone.
19:15 of 1st period - Wrist shot by Alexander Steen.
19:15 of 1st period - Shot Misses the Net.
19:59 of 1st period - Minor Penalty to Mike Fisher for Holding.
Goals for this period are 2 for Predators vs 0 for Sabres.
Shots for this period are 13 for Predators vs 9 for Sabres.
2nd period
0:01 of 2nd period - Alexei Yashin wins face-off versus Rob Niedermayer in neutral zone.
1:59 of 2nd period - Penalty to Mike Fisher is over, Mike Fisher is back on ice.
2:10 of 2nd period - Wrist shot by Tomas Fleischmann.
2:10 of 2nd period - Goal by Tomas Fleischmann - Predators : 3 - Sabres : 0.
2:11 of 2nd period - Mats Sundin wins face-off versus Joe Thornton in neutral zone.
2:38 of 2nd period - James Neal is hit by Danny Richmond and loses puck.
2:39 of 2nd period - James Neal from Sabres is injured at 2:39 of 2nd period (Left Knee).
2:40 of 2nd period - Alexei Yashin wins face-off versus Mats Sundin in Sabres zone.
2:45 of 2nd period - Wrist shot by Jean-Pierre Dumont.
2:45 of 2nd period - Shot Blocked by Craig Rivet.
3:15 of 2nd period - Snap shot by Alexander Steen.
3:15 of 2nd period - Stopped by Ty Conklin with a rebound.
4:13 of 2nd period - Slapshot by Craig Rivet.
4:13 of 2nd period - Stopped by Josh Tordjman with a rebound.
4:15 of 2nd period - Wrist shot by Craig Rivet.
4:15 of 2nd period - Shot Misses the Net.
4:50 of 2nd period - Peter Prucha is hit by Kent Huskins and loses puck.
5:13 of 2nd period - Mats Sundin is hit by Georges Laraque and loses puck.
5:32 of 2nd period - Wrist shot by Mikael Samuelsson.
5:32 of 2nd period - Stopped by Ty Conklin without a rebound.
5:33 of 2nd period - Joe Thornton wins face-off versus Derick Brassard in Sabres zone.
5:34 of 2nd period - Snap shot by Alexander Edler.
5:34 of 2nd period - Stopped by Ty Conklin with a rebound.
5:44 of 2nd period - Snap shot by Joe Thornton.
5:44 of 2nd period - Deflect By Mikael Samuelsson.
5:44 of 2nd period - Stopped by Ty Conklin without a rebound.
5:45 of 2nd period - Mats Sundin wins face-off versus Alexei Yashin in Sabres zone.
5:50 of 2nd period - Slapshot by Johnny Boychuk.
5:50 of 2nd period - Shot Misses the Net.
5:52 of 2nd period - Wrist shot by Mats Sundin.
5:52 of 2nd period - Stopped by Josh Tordjman with a rebound.
5:54 of 2nd period - Slapshot by Niclas Bergfors.
5:54 of 2nd period - Shot Misses the Net.
6:00 of 2nd period - Wrist shot by Mats Sundin.
6:00 of 2nd period - Stopped by Josh Tordjman without a rebound.
6:01 of 2nd period - Joe Thornton wins face-off versus Mike Fisher in Predators zone.
6:32 of 2nd period - Slapshot by Jason Smith.
6:32 of 2nd period - Stopped by Josh Tordjman with a rebound.
7:48 of 2nd period - Michael Grabner is hit by Derick Brassard and loses puck.
8:41 of 2nd period - Wrist shot by Peter Prucha.
8:41 of 2nd period - Stopped by Josh Tordjman without a rebound.
8:42 of 2nd period - Mike Fisher wins face-off versus Alexei Yashin in Predators zone.
8:53 of 2nd period - Snap shot by Steve Downie.
8:53 of 2nd period - Shot Hit the Post.
9:30 of 2nd period - Snap shot by Mats Sundin.
9:30 of 2nd period - Stopped by Josh Tordjman with a rebound.
9:34 of 2nd period - Snap shot by Niclas Bergfors.
9:34 of 2nd period - Stopped by Josh Tordjman with a rebound.
9:38 of 2nd period - Backhand shot by Ryan Hollweg.
9:38 of 2nd period - Stopped by Josh Tordjman with a rebound.
9:52 of 2nd period - Snap shot by Alexei Yashin.
9:52 of 2nd period - Stopped by Ty Conklin with a rebound.
10:12 of 2nd period - Tomas Fleischmann is hit by Jason Smith and loses puck.
10:16 of 2nd period - Icing by Tomas Fleischmann.
10:17 of 2nd period - Mats Sundin wins face-off versus Kris Vernarsky in Predators zone.
10:42 of 2nd period - Wrist shot by Georges Laraque.
10:42 of 2nd period - Shot Misses the Net.
10:44 of 2nd period - Wrist shot by Alexander Edler.
10:44 of 2nd period - Shot Blocked by Hal Gill.
10:46 of 2nd period - Slapshot by Danny Richmond.
10:46 of 2nd period - Deflect By Georges Laraque.
10:46 of 2nd period - Goal by Georges Laraque - Predators : 4 - Sabres : 0.
10:47 of 2nd period - Mats Sundin wins face-off versus Alexei Yashin in neutral zone.
11:17 of 2nd period - Snap shot by Kris Vernarsky.
11:17 of 2nd period - Stopped by Ty Conklin without a rebound.
11:18 of 2nd period - Kris Vernarsky wins face-off versus Mike Fisher in Sabres zone.
11:48 of 2nd period - Wrist shot by Rob Niedermayer.
11:48 of 2nd period - Shot Misses the Net.
11:50 of 2nd period - Slapshot by Curtis Glencross.
11:50 of 2nd period - Deflect By Richard Zednik.
11:50 of 2nd period - Stopped by Josh Tordjman without a rebound.
11:51 of 2nd period - Alexei Yashin wins face-off versus Mats Sundin in Predators zone.
12:02 of 2nd period - Slapshot by Ryan Hollweg.
12:02 of 2nd period - Shot Misses the Net.
12:04 of 2nd period - Slapshot by Craig Rivet.
12:04 of 2nd period - Stopped by Josh Tordjman with a rebound.
12:23 of 2nd period - Derick Brassard is hit by Alexander Ovechkin and loses puck.
12:37 of 2nd period - Snap shot by Curtis Glencross.
12:37 of 2nd period - Goal by Curtis Glencross - Predators : 4 - Sabres : 1.
12:38 of 2nd period - Joe Thornton wins face-off versus Mats Sundin in neutral zone.
12:52 of 2nd period - Minor Penalty to Alexander Steen for Interference.
12:53 of 2nd period - Alexander Ovechkin wins face-off versus Derick Brassard in Predators zone.
13:03 of 2nd period - Wrist shot by Derick Brassard.
13:03 of 2nd period - Shot Misses the Net.
14:35 of 2nd period - Joe Thornton is hit by Kyle Calder and loses puck.
14:52 of 2nd period - Penalty to Alexander Steen is over, Alexander Steen is back on ice.
15:35 of 2nd period - Snap shot by Ryan Hollweg.
15:35 of 2nd period - Stopped by Josh Tordjman without a rebound.
15:36 of 2nd period - Joe Thornton wins face-off versus Mats Sundin in Predators zone.
15:51 of 2nd period - Michael Grabner is hit by Johnny Boychuk and loses puck.
16:09 of 2nd period - Tomas Fleischmann is hit by Steve Downie and loses puck.
16:45 of 2nd period - Ryan Hollweg is hit by Alexander Edler and loses puck.
16:58 of 2nd period - Derick Brassard is hit by Georges Laraque and loses puck.
17:10 of 2nd period - Icing by Steve Downie.
17:11 of 2nd period - Alexei Yashin wins face-off versus Curtis Glencross in Sabres zone.
17:25 of 2nd period - Off-side.
17:26 of 2nd period - Joe Thornton wins face-off versus Mats Sundin in neutral zone.
17:33 of 2nd period - Slapshot by Alexander Steen.
17:33 of 2nd period - Stopped by Ty Conklin with a rebound.
17:35 of 2nd period - Backhand shot by Danny Richmond.
17:35 of 2nd period - Shot Misses the Net.
17:37 of 2nd period - Snap shot by Alexander Edler.
17:37 of 2nd period - Stopped by Ty Conklin with a rebound.
17:39 of 2nd period - Snap shot by Michael Grabner.
17:39 of 2nd period - Shot Blocked by Ole-Kristian Tollefsen.
17:51 of 2nd period - Alexander Edler is hit by Derick Brassard and loses puck.
18:49 of 2nd period - Wrist shot by Ryan Hollweg.
18:49 of 2nd period - Stopped by Josh Tordjman with a rebound.
18:54 of 2nd period - Icing by Joe Thornton.
18:55 of 2nd period - Mats Sundin wins face-off versus Joe Thornton in Predators zone.
18:56 of 2nd period - Wrist shot by Ryan Hollweg.
18:56 of 2nd period - Shot Blocked by Robyn Regehr.
19:07 of 2nd period - Minor Penalty to Joe Thornton for High sticking.
19:08 of 2nd period - Alexander Ovechkin wins face-off versus Derick Brassard in Predators zone.
19:08 of 2nd period - Alexander Ovechkin is hit by Derick Brassard.
Goals for this period are 2 for Predators vs 1 for Sabres.
Shots for this period are 10 for Predators vs 13 for Sabres.
3rd period
0:01 of 3rd period - Alexander Ovechkin wins face-off versus Derick Brassard in neutral zone.
0:10 of 3rd period - Wrist shot by Alexander Ovechkin.
0:10 of 3rd period - Stopped by Ty Conklin without a rebound.
0:11 of 3rd period - Alexander Ovechkin wins face-off versus Derick Brassard in Sabres zone.
0:14 of 3rd period - Snap shot by Alexander Ovechkin.
0:14 of 3rd period - Stopped by Ty Conklin with a rebound.
0:24 of 3rd period - Wrist shot by Niclas Bergfors.
0:24 of 3rd period - Stopped by Josh Tordjman without a rebound.
0:25 of 3rd period - Derick Brassard wins face-off versus Alexander Ovechkin in Predators zone.
0:32 of 3rd period - Wrist shot by Niclas Bergfors.
0:32 of 3rd period - Shot Misses the Net.
0:50 of 3rd period - Ryan Hollweg is hit by Alexander Edler and loses puck.
1:07 of 3rd period - Penalty to Joe Thornton is over, Joe Thornton is back on ice.
1:18 of 3rd period - Slapshot by Alexander Steen.
1:18 of 3rd period - Stopped by Ty Conklin without a rebound.
1:19 of 3rd period - Alexei Yashin wins face-off versus Derick Brassard in Sabres zone.
1:40 of 3rd period - Minor Penalty to Robyn Regehr for Tripping.
1:41 of 3rd period - Derick Brassard wins face-off versus Alexander Ovechkin in Predators zone.
1:48 of 3rd period - Snap shot by Derick Brassard.
1:48 of 3rd period - Stopped by Josh Tordjman without a rebound.
1:49 of 3rd period - Alexander Ovechkin wins face-off versus Derick Brassard in Predators zone.
2:09 of 3rd period - Off-side.
2:10 of 3rd period - Mats Sundin wins face-off versus Alexander Ovechkin in neutral zone.
2:13 of 3rd period - Slapshot by Johnny Boychuk.
2:13 of 3rd period - Stopped by Josh Tordjman with a rebound.
2:15 of 3rd period - Snap shot by Jason Smith.
2:15 of 3rd period - Stopped by Josh Tordjman without a rebound.
2:16 of 3rd period - Ryan Hollweg wins face-off versus Joe Thornton in Predators zone.
2:27 of 3rd period - Snap shot by Steve Downie.
2:27 of 3rd period - Deflect By Oleg Saprykin.
2:27 of 3rd period - Shot Blocked by Alexander Ovechkin.
2:27 of 3rd period - Puck is out of play.
2:28 of 3rd period - Derick Brassard wins face-off versus Alexander Ovechkin in Predators zone.
2:39 of 3rd period - Snap shot by Peter Prucha.
2:39 of 3rd period - Stopped by Josh Tordjman without a rebound.
2:40 of 3rd period - Joe Thornton wins face-off versus Derick Brassard in Predators zone.
2:40 of 3rd period - Joe Thornton is hit by Derick Brassard.
3:23 of 3rd period - Ole-Kristian Tollefsen is hit by Alexander Ovechkin and loses puck.
3:40 of 3rd period - Penalty to Robyn Regehr is over, Robyn Regehr is back on ice.
3:49 of 3rd period - Ryan Mcdonagh is hit by Ole-Kristian Tollefsen.
4:06 of 3rd period - Icing by Ole-Kristian Tollefsen.
4:07 of 3rd period - Mats Sundin wins face-off versus Alexei Yashin in Sabres zone.
4:38 of 3rd period - Wrist shot by Mats Sundin.
4:38 of 3rd period - Shot Hit the Post.
4:40 of 3rd period - Slapshot by Craig Rivet.
4:40 of 3rd period - Shot Misses the Net.
4:50 of 3rd period - Wrist shot by Ryan Hollweg.
4:50 of 3rd period - Goal by Ryan Hollweg - Predators : 4 - Sabres : 2.
4:51 of 3rd period - Alexei Yashin wins face-off versus Derick Brassard in neutral zone.
5:05 of 3rd period - Snap shot by Kyle Calder.
5:05 of 3rd period - Shot Misses the Net.
5:42 of 3rd period - Wrist shot by Georges Laraque.
5:42 of 3rd period - Stopped by Ty Conklin with a rebound.
5:44 of 3rd period - Slapshot by Alexander Edler.
5:44 of 3rd period - Shot Blocked by Hal Gill.
8:30 of 3rd period - Johnny Boychuk is hit by Kris Vernarsky and loses puck.
9:04 of 3rd period - Jason Smith is hit by Ryan Mcdonagh and loses puck.
9:29 of 3rd period - Wrist shot by Tomas Fleischmann.
9:29 of 3rd period - Shot Blocked by Ole-Kristian Tollefsen.
9:35 of 3rd period - Tomas Fleischmann is hit by Craig Rivet.
10:29 of 3rd period - Nathan Paetsch is hit by Alexander Ovechkin and loses puck.
10:57 of 3rd period - Alexei Yashin is hit by Derick Brassard and loses puck.
11:08 of 3rd period - Johnny Boychuk is hit by Tomas Fleischmann and loses puck.
11:24 of 3rd period - Snap shot by Richard Zednik.
11:24 of 3rd period - Shot Blocked by Ryan Mcdonagh.
12:02 of 3rd period - Hal Gill is hit by Barret Jackman and loses puck.
12:15 of 3rd period - Alexander Ovechkin is hit by Jason Smith.
13:06 of 3rd period - Minor Penalty to Danny Richmond for Hooking.
13:07 of 3rd period - Alexander Ovechkin wins face-off versus Derick Brassard in Predators zone.
13:52 of 3rd period - Ryan Mcdonagh is hit by Niclas Bergfors and loses puck.
14:17 of 3rd period - Kyle Calder is hit by Oleg Saprykin and loses puck.
14:50 of 3rd period - Snap shot by Richard Zednik.
14:50 of 3rd period - Goal by Richard Zednik - Predators : 4 - Sabres : 3.
14:51 of 3rd period - Mats Sundin wins face-off versus Michael Grabner in neutral zone.
14:55 of 3rd period - Off-side.
14:56 of 3rd period - Mats Sundin wins face-off versus Joe Thornton in neutral zone.
15:43 of 3rd period - Jason Smith is hit by Danny Richmond and loses puck.
15:50 of 3rd period - Snap shot by Kris Vernarsky.
15:50 of 3rd period - Shot Misses the Net.
15:52 of 3rd period - Snap shot by Alexander Edler.
15:52 of 3rd period - Shot Blocked by Jason Smith.
16:20 of 3rd period - Johnny Boychuk is hit by Jean-Pierre Dumont and loses puck.
16:42 of 3rd period - Icing by Alexander Steen.
16:43 of 3rd period - Alexei Yashin wins face-off versus Derick Brassard in Predators zone.
16:47 of 3rd period - Minor Penalty to Nathan Paetsch for Hooking.
16:48 of 3rd period - Rob Niedermayer wins face-off versus Michael Grabner in Sabres zone.
18:16 of 3rd period - Alexei Yashin is hit by Steve Downie and loses puck.
18:44 of 3rd period - Peter Prucha is hit by Michael Grabner and loses puck.
18:47 of 3rd period - Penalty to Nathan Paetsch is over, Nathan Paetsch is back on ice.
18:57 of 3rd period - Johnny Boychuk is hit by Robyn Regehr and loses puck.
19:06 of 3rd period - Sabres, Ty Conklin is pulled from the net.
19:20 of 3rd period - Slapshot by Georges Laraque.
19:20 of 3rd period - Goal by Georges Laraque - Predators : 5 - Sabres : 3.
19:20 of 3rd period - Ty Conklin from Sabres was sent back in the game.
19:21 of 3rd period - Derick Brassard wins face-off versus Joe Thornton in neutral zone.
Goals for this period are 1 for Predators vs 2 for Sabres.
Shots for this period are 5 for Predators vs 7 for Sabres.
Output by the SimonT Hockey Simulator (STHS) for François Prévost -- Original Page W3C XHTML 1.0 Valid